 Dungeon Crawl Stone Soup version 0.31-a0-167-g1c394c0614 (webtiles) character file.

Game seed: 13034370726251396573

662 CowFu the Ruffian (level 7, -2/61 HPs)
             Began as a Ghoul Monk on June 14, 2023.
             Slain by an ogre
             ... wielding a +0 giant spiked club
              (32 damage)
             ... on level 5 of the Dungeon.
             The game lasted 00:04:31 (3234 turns).

CowFu the Ruffian (Ghoul Monk)                      Turns: 3234, Time: 00:04:32

Health: -2/61      AC:  9    Str: 17    XL:     7   Next: 56%
Magic:  6/6        EV:  6    Int:  5    God:
Gold:   277        SH:  0    Dex: 17    Spells: 6/6 levels left

rFire   . .          .
                       - Unarmed
rCold   + . .        c - orb {light}
rNeg    + + +        h - +0 plate armour
rPois   ∞            (no helmet)
rElec   .            q - +0 cloak
rCorr   .            (no gloves)
SInv    .            d - +0 pair of boots
Will    .....        (no amulet) Stlth
                     j - +6 ring of dexterity
HPRegen 0.00/turn    (no ring)
MPRegen 0.10/turn

%: no passive effects
@: corroded, inhibited regen, glowing
A: claws 1, cold resistance 1, negative energy resistance 3, inhibited
regeneration, torment resistance 2, devour on kill
a: no special abilities


You were on level 5 of the Dungeon.
You visited 1 branch of the dungeon, and saw 5 of its levels.

You collected 277 gold pieces.

Inventory:

Armour
 c - an orb of light (worn)
 d - a +0 pair of boots (worn)
 h - a +0 plate armour (worn)
 q - a +0 cloak (worn)
Jewellery
 j - a +6 ring of dexterity (left claw)
Wands
 n - a wand of flame (12)
Scrolls
 v - a scroll of summoning
Potions
 b - a potion of ambrosia
 e - 2 potions of lignification
 f - 2 potions of invisibility
 k - 2 potions of curing
 l - 2 potions of brilliance {unknown}
 p - a potion of mutation {unknown}
 r - a potion of attraction {unknown}
 w - a potion of heal wounds {unknown}


   Skills:
 + Level 5.0 Fighting
 + Level 3.0 Armour
 + Level 4.1 Dodging
 * Level 6.5 Unarmed Combat


You had 6 spell levels left.
You didn't know any spells.
Your spell library contained the following spells:

 Spells                   Type           Power      Damage    Failure   Level
 Cigotuvi's Dreadful Rot  Necr/Pois/Air  0%         N/A       100%        2
 Ensorcelled Hibernation  Hex/Ice        0%         N/A       100%        2
 Dazzling Flash           Conj/Hex       0%         N/A       100%        3
 Ignite Poison            Fire/Tmut/Pois 0%         N/A       100%        3
 Volatile Blastmotes      Fire/Tloc      0%         2d10      100%        3
 Anguish                  Hex/Necr       0%         N/A       100%        4
 Iskenderun's Mystic Bla  Conj/Tloc      0%         2d3       100%        4
 Freezing Cloud           Conj/Ice/Air   0%         6-21      100%        5
 Starburst                Conj/Fire      0%         6d3       100%        6
 Spider Form              Tmut/Pois      Unusable   N/A       N/A         3

Dungeon Overview and Level Annotations

Branches:
Dungeon (5/15)
 Temple: D:4-7

Altars:

Shops:
D:1 =   D:3 [


Innate Abilities, Weirdness & Mutations

You are immune to poison.
You have sharp fingernails.
Your flesh is cold resistant. (rC+)
You are immune to negative energy. (rN+++)
You do not regenerate when monsters are visible.
You are immune to unholy pain and torment.
You thrive by killing the living.


Message History

You scratch the jelly.
You kill the jelly!
You feel better.
The orc shouts!
There are monsters nearby!
Found a falchion.
The gnoll hits you with a +0 spear.
There are monsters nearby!
You scratch the gnoll.
The gnoll is moderately wounded.
The gnoll closely misses you.
You barely miss the gnoll.
The gnoll is moderately wounded.
The gnoll hits you with a +0 spear.
You scratch the gnoll but do no damage.
The gnoll is moderately wounded.
The gnoll hits you with a +0 spear.
An ogre comes into view. It is wielding a +0 giant spiked club.
The ogre shouts!
You claw the gnoll!
You kill the gnoll!
You feel better. The orc barely misses you.
Your Armour skill increases to level 3!
You claw the orc!
You kill the orc!
You feel better.
You claw the ogre!
The ogre is moderately wounded.
The ogre completely misses you.
You scratch the ogre.
The ogre is moderately wounded.
You scratch the ogre.
The ogre is moderately wounded.
The ogre hits you with a +0 giant spiked club!
You scratch the ogre.
The ogre is severely wounded.
You scratch the ogre.
The ogre is severely wounded.
The ogre hits you with a +0 giant spiked club!!
Ouch! That really hurt!
You die...

#....... .... ##.##.#.# # # #.##
##..##.#.# .###.####.#.
###...##....... ........ ####..
#.##.#.#.##. ##.##... ..>.
#....#... ..........
#.####.#####.##)#.# #.##.#.##...
#............##..)# .......##...
######.##.##.##@#....).#.#....##
#.##.##...O#.#.)... #.##.##
#.##.##.##.... ...#... #...
#.##.##.##.#.## #.#.#. #.#.
#.##.##....... ...#. ..##
#.##.##.##.###. #.#.#. #...
#.##.##..... ........##.##
#.##....#### #. #.#.##..
#.##.##.####.###.##.#.##.#


You could see an ogre.

Vanquished Creatures
  An ogre (D:4)
  A scorpion (D:4)
  The ghost of zazu2006 the Ducker, a weakling GnWn (D:3)
  3 jellies (D:5)
  2 hounds
  Jessica (D:3)
  Terence (D:2)
  Natasha (thrice) (D:4)
  2 gnolls
  8 adders
  A white imp (D:5)
  An ufetubus (D:5)
  2 worms
  A dart slug (D:1)
  2 orcs
  6 endoplasms
  3 giant cockroaches
  11 goblins
  6 hobgoblins
  9 kobolds
  6 quokkas
  4 ball pythons (D:1)
  7 bats
  A frilled lizard (D:1)
  4 rats (D:1)
87 creatures vanquished.

Vanquished Creatures (collateral kills)
  Robin (D:4)
  2 goblins (D:4)
3 creatures vanquished.

Grand Total: 90 creatures vanquished

Notes
Turn   | Place    | Note
-------+----------+-------------------------------------------
     0 | D:1      | CowFu the Ghoul Monk began the quest for the Orb.
     0 | D:1      | Reached XP level 1. HP: 19/19 MP: 0/0
   115 | D:1      | Reached XP level 2. HP: 1/26 MP: 1/1
   374 | D:1      | Reached XP level 3. HP: 31/31 MP: 2/2
   433 | D:1      | Found Kigin's Jewellery Boutique.
   595 | D:1      | Reached skill level 4 in Unarmed Combat
   864 | D:2      | Reached skill level 1 in Armour
   972 | D:2      | Reached XP level 4. HP: 39/40 MP: 3/3
   989 | D:2      | Noticed Terence
  1024 | D:2      | Killed Terence
  1374 | D:3      | Noticed Jessica
  1378 | D:3      | Killed Jessica
  1379 | D:3      | Reached XP level 5. HP: 46/46 MP: 4/4
  1646 | D:3      | Noticed zazu2006's ghost (weakling GnWn)
  1649 | D:3      | Found a runed translucent door.
  1654 | D:3      | Found Xeexat's Antique Armour Boutique.
  1743 | D:3      | Found a faded altar of an unknown god.
  2008 | D:3      | Killed zazu2006's ghost
  2009 | D:3      | Reached skill level 5 in Unarmed Combat
  2048 | D:4      | Reached XP level 6. HP: 52/52 MP: 5/5
  2065 | D:4      | Noticed Robin
  2072 | D:4      | Killed Robin
  2114 | D:4      | Noticed Natasha
  2122 | D:4      | Killed Natasha
  2131 | D:4      | Noticed Natasha
  2144 | D:4      | Killed Natasha
  2317 | D:4      | Noticed Natasha
  2323 | D:4      | Killed Natasha
  2361 | D:4      | Reached XP level 7. HP: 56/60 MP: 6/6
  2431 | D:4      | Reached skill level 6 in Unarmed Combat
  2673 | D:5      | Entered Level 5 of the Dungeon
  3188 | D:5      | Reached skill level 5 in Fighting
  3234 | D:5      | Slain by an ogre

Illustrated notes

Levels and vault maps discovered:
D:1:      scummos_arrival_checkerplants, layout_basic, serial_shops,
          nicolae_shop_waterfront, minmay_strange_pillars, nicolae_grassy_gnolls
D:2:      layout_rooms, uniq_terence
D:3:      layout_basic, hellmonk_ecumenical_altar_inner_sanctum,
          hellmonk_ghost_happy_afterlife, serial_shops, shop, uniq_jessica
D:4:      layout_rooms, uniq_natasha, uniq_robin
D:5:      layout_basic, minmay_diced_spiral

Skill      XL: |  1  2  3  4  5  6  7 |
---------------+----------------------+-----
Dodging        | 3 4 |  4.1
Unarmed Combat | 4 5 6 |  6.5
Armour         | 1 2 3 |  3.0
Fighting       | 4 5 |  5.0

Action                     |  1- 3 |  4- 6 |  7- 9 || total
---------------------------+-------+-------+-------++-------
  Melee: Unarmed           |    77 |   150 |    48 ||   275
    Use: Potion            |       |     1 |       ||     1
         Scroll            |       |     4 |     9 ||    13
 Armour: Robe              |     6 |       |       ||     6
         Plate armour      |    34 |    88 |    12 ||   134
  Dodge: Dodged            |    29 |    36 |    23 ||    88

Table legend: (Time is in decaauts)
 A = Elapsed time spent in this place.
 B = Non-inter-level travel time spent in this place.
 C = Inter-level travel time spent in this place.
 D = Time resting spent in this place.
 E = Time spent auto-exploring this place.
 F = Levels seen in this place.
 G = Mean time per level.
                   A        B        C        D        E       F      G
               +--------+--------+--------+--------+--------+-----+--------+
         Total |   3217 |   3133 |     84 |      0 |   2463 |   5 |  643.4 |
       Dungeon |   3217 |   3133 |     84 |      0 |   2463 |   5 |  643.4 |
               +--------+--------+--------+--------+--------+-----+--------+

Top non-repeatable levels by time:
     D:1: 801 daAuts
     D:4: 790 daAuts
     D:3: 698 daAuts
     D:2: 519 daAuts
     D:5: 408 daAuts
